 Dungeon Crawl Stone Soup version 0.30-a0-23-ge60ba3568b (webtiles) character file.

Game seed: 5522793089477241692

739 ytrimaz the Ruffian (level 7, -2/54 HPs)
             Began as a Demonspawn Fighter on Aug 25, 2022.
             Slain by an ogre
             ... wielding a +0 giant club
              (12 damage)
             ... on level 4 of the Dungeon.
             The game lasted 00:05:53 (4944 turns).

ytrimaz the Ruffian (Demonspawn Fighter)            Turns: 4944, Time: 00:05:53

Health: -2/54      AC:  8    Str: 18    XL:     7   Next: 46%
Magic:  7/7        EV:  9    Int: 10    God:
Gold:   227        SH:  0    Dex: 12    Spells: 6/6 levels left

rFire   . . .      SeeInvis .      - Unarmed
rCold   . . .      Faith    .    (no shield)
rNeg    . . .      Spirit   .    b - +0 scale mail
rPois   .          Reflect  .    (no helmet)
rElec   .          Harm     .    (no cloak)
rCorr   .          Rampage  .    (no gloves)
Will    .....                    g - +0 pair of boots
Stlth   ..........               (no amulet)
HPRegen 0.18/turn                (no ring)
MPRegen 0.10/turn                (no ring)

@: no status effects
A: claws 1, hooves 1, spiny 1, weakness stinger 2
a: no special abilities


You were on level 4 of the Dungeon.
You visited 1 branch of the dungeon, and saw 4 of its levels.
You also visited: Ossuary.

You collected 227 gold pieces.

Inventory:

Armour
 b - a +0 scale mail (worn)
 c - a +0 buckler
 g - a +0 pair of boots (worn)
Jewellery
 j - an amulet of faith
Scrolls
 a - a scroll of poison {unknown}
 h - a scroll of fog
 l - a scroll of silence
 n - 3 scrolls of enchant weapon
 o - a scroll of brand weapon
 r - 2 scrolls of identify
 t - 2 scrolls of amnesia
 u - a scroll of teleportation
 w - a scroll of enchant armour {unknown}
Potions
 e - 2 potions of flight {unknown}
 f - a potion of magic {unknown}
 i - 2 potions of curing
 k - a potion of haste {unknown}
 m - a potion of attraction {unknown}
 p - a potion of brilliance {unknown}
 q - a potion of mutation {unknown}
 s - a potion of lignification {unknown}
 v - a potion of degeneration {unknown}
 x - a potion of invisibility {unknown}


   Skills:
 + Level 4.1 Fighting
 - Level 2.2 Axes
 - Level 3.2 Armour
 - Level 2.6 Shields
 * Level 6.6 Unarmed Combat


You had 6 spell levels left.
You didn't know any spells.
Your spell library contained the following spells:

 Spells                   Type           Power      Damage    Failure   Level
 Apportation              Tloc           0%         N/A       75%         1
 Necrotise                Necr           0%         1d4       75%         1
 Summon Small Mammal      Summ           0%         N/A       75%         1
 Sublimation of Blood     Necr           0%         N/A       87%         2
 Petrify                  Tmut/Erth      0%         N/A       100%        4
 Blade Hands              Tmut           0%         N/A       100%        5
 Irradiate                Conj/Tmut      0%         3d11      100%        5
 Dragon Form              Tmut           0%         N/A       100%        7


Dungeon Overview and Level Annotations

Branches:
Dungeon (4/15)             Temple (0/1) D:4         Ossuary (visited)

Altars:
Qazlal


Innate Abilities, Weirdness & Mutations

You have sharp fingernails.
You have large cloven feet.
You are partially covered in sharp spines.
You have a tail ending in a sharp stinger.


Message History

An iguana is nearby!
The iguana bites you.
You claw the iguana!
Your tail-slap misses the iguana.
The iguana is heavily wounded.
The iguana is struck by your spines. The iguana bites you.
You barely miss the iguana. Your claw misses the iguana.
The iguana is severely wounded.
The iguana is struck by your spines. The iguana closely misses you.
Unknown command.
You scratch the iguana.
You kill the iguana!
You see here an iguana corpse.
An ufetubus comes into view.
The ufetubus shouts!
An ufetubus is nearby!
An ufetubus is nearby!
An ufetubus is nearby!
You claw the ufetubus!
You kill the ufetubus!
An ogre comes into view. It is wielding a +0 giant club.
The ogre shouts!
The ogre hits you with a +0 giant club!!
Ouch! That really hurt!
You are too injured to fight recklessly!
You claw the ogre!
The ogre is moderately wounded.
You scratch the ogre.
The ogre is moderately wounded.
The ogre is struck by your spines.
The ogre hits you with a +0 giant club!!
* * * LOW HITPOINT WARNING * * *
You are too injured to fight recklessly!
You scratch the ogre.
The ogre is heavily wounded.
You are too injured to fight recklessly!
Unknown command.
You scratch the ogre.
The ogre is severely wounded.
The ogre is struck by your spines. The ogre hits you with a +0 giant club!
You die...

#.#.#.#.# ...#....#
..#.#)#.# .....#..#
....#.#.# #########
........# #.......###
......#.# #.#.#.#...#
........# ##..?..O.#
#.#.#.#.# #..#.#@#.#
........# #........#.#
#.#.#.#.# #..#.#.#.....
#.......###....?........
....#)#.##....####.#.#.#
##......#..##### .#....
#....#............# #.#
##......#########.. ..
##....##.......#


You could see an ogre.

Vanquished Creatures
  Edmund (D:4)
  A scorpion (Ossuary)
  A wight (Ossuary)
  4 bullfrog zombies (Ossuary)
  A centaur zombie (Ossuary)
  An iguana (D:4)
  2 scorpion zombies (Ossuary)
  2 orc wizards (D:3)
  3 ogre zombies (Ossuary)
  A mummy (D:4)
  A gnoll (D:1)
  2 adders
  An ufetubus (D:4)
  4 adder zombies (Ossuary)
  A worm (D:3)
  4 dart slugs
  11 orcs
  6 ball pythons
  9 endoplasms
  A goblin (D:2)
  7 hobgoblins
  4 jackals (D:2)
  6 quokkas
  9 bats
  4 frilled lizards
  4 gnoll zombies (Ossuary)
  2 goblin zombies (Ossuary)
  A hobgoblin zombie (Ossuary)
  9 kobolds
  3 orc zombies (Ossuary)
  A rat (D:1)
107 creatures vanquished.

Notes
Turn   | Place    | Note
-------+----------+-------------------------------------------
     0 | D:1      | ytrimaz the Demonspawn Fighter began the quest for the Orb.
     0 | D:1      | Reached XP level 1. HP: 18/18 MP: 1/1
   240 | D:1      | Gained mutation: You are partially covered in sharp spines.
                  | [demonic ancestry]
   240 | D:1      | Reached XP level 2. HP: 23/24 MP: 2/2
   351 | D:1      | Found a faded altar of an unknown god.
   779 | D:1      | Discovered your monstrous ancestry.
   779 | D:1      | Gained mutation: You have sharp fingernails. [demonic
                  | ancestry]
   779 | D:1      | Reached XP level 3. HP: 22/29 MP: 3/3
  1181 | D:2      | Found a stormy altar of Qazlal.
  1193 | D:2      | Identified the +5 short sword "Cilefri" {holy, Will++ Dex+2
                  | Stlth-}
  1528 | D:2      | Reached skill level 1 in Unarmed Combat
  1642 | D:2      | Gained mutation: You have a small tail. [demonic ancestry]
  1642 | D:2      | Reached XP level 4. HP: 37/37 MP: 4/4
  1878 | D:3      | Identified the +4 flail "Xempeeh" {flame, Fly rC+}
  2070 | D:3      | Reached skill level 2 in Unarmed Combat
  2233 | D:3      | Gained mutation: You have large cloven feet. [demonic
                  | ancestry]
  2233 | D:3      | Reached XP level 5. HP: 18/42 MP: 5/5
  2638 | D:3      | Reached skill level 3 in Unarmed Combat
  3034 | D:4      | Found a sand-covered staircase.
  3252 | Ossuary  | Entered an ossuary
  3368 | Ossuary  | Reached skill level 4 in Unarmed Combat
  3368 | Ossuary  | Gained mutation: You have a tail ending in a sharp stinger.
                  | [demonic ancestry]
  3368 | Ossuary  | Reached XP level 6. HP: 9/48 MP: 6/6
  3749 | Ossuary  | Reached skill level 5 in Unarmed Combat
  3960 | Ossuary  | Reached XP level 7. HP: 54/54 MP: 7/7
  3973 | Ossuary  | Noticed a silent spectre
  4287 | D:4      | Found a staircase to the Ecumenical Temple.
  4633 | D:4      | Noticed Edmund
  4644 | D:4      | Killed Edmund
  4645 | D:4      | Reached skill level 6 in Unarmed Combat
  4944 | D:4      | Slain by an ogre

Illustrated notes

Levels and vault maps discovered:
D:1:      lemuel_arrival_muddy, layout_basic,
          hellmonk_ecumenical_altar_inner_sanctum, minmay_misc_feat_cross
D:2:      layout_basic, basic_altar, kennysheep_generic_room_16
D:3:      layout_basic
D:4:      layout_layer_cave, minmay_temple_entry_stoned_glass,
          gup_ossuary_entry_pyramid, serial_co_window_serial, co_window_paths_a,
          co_window_paths_a, co_window_paths_a, co_window_paths_a,
          co_window_corner_a, co_window_cross_4, co_window_corner_ca,
          co_window_corner_cb, co_window_of_opportunity_b, co_window_broadway_a,
          co_window_of_opportunity_b, co_window_unsneaky_path_c,
          glass_columns_b, glass_columns_a, glass_columns_b, glass_columns_b,
          hangedman_decor_riveting, kennysheep_nondescript,
          kennysheep_small_spiral, uniq_edmund

Skill      XL: |  1  2  3  4  5  6  7 |
---------------+----------------------+-----
Armour         | 3 |  3.2
Axes           | 2 |  2.2
Unarmed Combat | 1 2 4 5 6 |  6.6
Fighting       | 4 |  4.1
Shields        | |  2.6

Action                   |  1- 3 |  4- 6 |  7- 9 || total
-------------------------+-------+-------+-------++-------
Melee: War axe           |    40 |       |       ||    40
       Unarmed           |    42 |   152 |    27 ||   221
       Tailslap          |       |    16 |     6 ||    22
       Punch             |       |     2 |       ||     2
  Use: Scroll            |     3 |     6 |       ||     9
       Potion            |       |     2 |     3 ||     5
Armor: Scale mail        |    42 |    74 |     3 ||   119
Dodge: Dodged            |    52 |    57 |     9 ||   118
Block: Buckler           |     9 |       |       ||     9

Table legend: (Time is in decaauts)
 A = Elapsed time spent in this place.
 B = Non-inter-level travel time spent in this place.
 C = Inter-level travel time spent in this place.
 D = Time resting spent in this place.
 E = Time spent auto-exploring this place.
 F = Levels seen in this place.
 G = Mean time per level.
                   A        B        C        D        E       F      G
               +--------+--------+--------+--------+--------+-----+--------+
         Total |   4949 |   4864 |     85 |    574 |   3514 |   5 |  989.8 |
       Dungeon |   4161 |   4076 |     85 |    204 |   3322 |   4 | 1040.2 |
       Ossuary |    787 |    787 |      0 |    370 |    192 |   1 |  787.0 |
               +--------+--------+--------+--------+--------+-----+--------+

Top non-repeatable levels by time:
     D:4: 1248 daAuts
     D:1: 1146 daAuts
     D:3: 1068 daAuts
 Ossuary: 787 daAuts
     D:2: 698 daAuts
